 Dungeon Crawl Stone Soup version 0.31-a0-675-g238779eb0a (webtiles) character file.

Game seed: 15075151602940105034

56478 qw the Marksgargoyle (level 14, -4/92 HPs)
             Began as a Gargoyle Hunter on Sept 5, 2023.
             Was a High Priest of Okawaru.
             Killed from afar by Jorgrun (15 damage)
             ... with a blast of rock fragments
             ... on level 12 of the Dungeon.
             The game lasted 00:07:44 (16226 turns).

qw the Marksgargoyle (Gargoyle Hunter)             Turns: 16226, Time: 00:07:44

Health: -4/92      AC: 32    Str: 16    XL:     14   Next: 81%
Magic:  14/21      EV: 18    Int: 15    God:    Okawaru [*****.]
Gold:   1515       SH:  0    Dex: 20    Spells: 13/13 levels left

rFire   + . .        Y - +1 hand cannon (flame)
rCold   + . .        (no shield)
rNeg    + . .        a - +3 ring mail {rF+}
rPois   inf          d - +3 crown of Dyrovepreva {rElec Int+2 SInv}
rElec   +            o - +0 cloak
rCorr   .            i - +1 pair of gloves
SInv    +            (no boots)
Will    +....        j - amulet "Xirid" {Faith Int+3 Dex+3}
Stlth   +++          g - +4 ring of protection
HPRegen 0.35/turn    t - ring of protection from cold
MPRegen 0.17/turn

%: faith
@: about to teleport, heroic, flying
A: sickness immunity, AC +10, big wings, negative energy resistance 1,
electricity resistance, torment resistance 1, petrification resistance
a: Renounce Religion, Heroism, Finesse, Duel


You were on level 12 of the Dungeon.
You worshipped Okawaru.
Okawaru was extremely pleased with you.
You visited 2 branches of the dungeon, and saw 17 of its levels.
You also visited: Sewer.

You collected 1515 gold pieces.


Innate Abilities, Weirdness & Mutations

You are immune to sickness and miasma.
Your stone body is resilient. (AC +10)
You are immune to poison.
Your large and strong wings let you fly.
You resist negative energy. (rN+)
You are resistant to electric shocks. (rElec)
You are resistant to unholy torment.
You are immune to petrification.


   Skills:
 + Level 12.9(17.9) Fighting
 - Level 19.0(24.0) Ranged Weapons
 - Level 7.0(12.0) Armour
 - Level 6.0(11.0) Dodging
 - Level 1.1(6.1) Stealth
 - Level 10.0 Invocations


You had 13 spell levels left.
You didn't know any spells.
Your spell library was empty.

Inventory:

Hand Weapons
 Y - a +1 hand cannon of flaming (weapon)
Armour
 a - a +3 ring mail of fire resistance (worn)
 d - the +3 crown of Dyrovepreva (worn) {rElec Int+2 SInv}
   (You found it on level 5 of the Lair of Beasts)

   Int+2:     It affects your intelligence (+2).
   rElec:     It insulates you from electricity.
   SInv:      It lets you see invisible.
 h - a +0 troll leather armour
 i - a +1 pair of gloves (worn)
 o - a +0 cloak (worn)
Jewellery
 g - a +4 ring of protection (left hand)
 j - the amulet "Xirid" (around neck) {Faith Int+3 Dex+3}
   (You took it off a gnoll on level 7 of the Dungeon)

   [amulet of faith]

   Faith:     It allows you to gain divine favour quickly.
   Int+3:     It affects your intelligence (+3).
   Dex+3:     It affects your dexterity (+3).
 t - a ring of protection from cold (right hand)
Wands
 q - a wand of digging (7)
Scrolls
 c - 13 scrolls of identify
 n - 3 scrolls of teleportation
Potions
 b - a potion of enlightenment {unknown}
 f - a potion of might
 k - 3 potions of cancellation
 l - 3 potions of curing
 m - 4 potions of haste
 p - 2 potions of mutation
 r - a potion of resistance
 s - 2 potions of magic

Dungeon Overview and Level Annotations

Branches:
Dungeon (12/15)            Temple (0/1) D:7            Lair (5/5) D:11
 Shoals (0/4) Lair:2       Spider (0/4) Lair:3        Slime (0/5) Lair:4
    Orc (0/2) D:10          Sewer (visited)

Altars:
Ashenzari
Cheibriados
Dithmenos
Gozag
Hepliaklqana
Makhleb
Nemelex Xobeh
Okawaru
Sif Muna
Wu Jian
Yredelemnul
Zin
The Shining One

Shops:
D:9 :

Annotations:
D:10 1 runed translucent door
D:12 Jorgrun
Lair:5 1 runed translucent door


Message History

The skeletal warrior is severely damaged.
Jorgrun points next to you and mumbles some strange words.
The wall shatters!
The blast of rock fragments hits you but does no damage.
The blast of rock fragments hits the orc wizard!!!
The orc wizard dies!
The blast of rock fragments hits the orc!!
The orc dies!
The skeletal warrior completely misses you.
You shoot a bolt.
The bolt hits the skeletal warrior but does no damage.
The skeletal warrior is severely damaged.
You shoot a bolt.
The bolt closely misses the skeletal warrior.
Jorgrun casts a spell at you. The entropic shot misses you.
The skeletal warrior misses you.
You shoot a bolt. The bolt hits the skeletal warrior!
The bolt burns the skeletal warrior.
The skeletal warrior is almost destroyed.
The orc wizard casts a spell.
The orc wizard flickers and vanishes for a moment.
You shoot a bolt. The bolt hits the skeletal warrior.
The bolt burns the skeletal warrior.
You destroy the skeletal warrior!
Okawaru accepts your kill.
You shoot a bolt. The bolt hits Jorgrun!!
The bolt burns Jorgrun!
Jorgrun is heavily wounded.
Jorgrun hits you with a +0 heavy quarterstaff!!
16225 ||| READING 4 scrolls of teleportation.
As you read the scroll of teleportation, it crumbles to dust.
You feel strangely unstable.
Your hands slow down.
The orc completely misses you.
You shoot a bolt.
The bolt hits Jorgrun but does no damage.
Jorgrun is heavily wounded.
The orc misses you.
Jorgrun points next to you and mumbles some strange words.
The wall shatters!
The blast of rock fragments hits you!
You die...

## #.# #.# #.##### #@go.##
##oo..############
.o...............
,................ ###
####......).....
#.#########...........
######....##..###...'......
##....#....#................
#..........#.............#..


You could see Jorgrun, an orc warrior, 2 orc wizards and an orc.

Vanquished Creatures
  A dire elephant (Lair:5)
  2 hydras
  An alligator (Lair:5)
  3 boulder beetles
  2 two-headed ogres
  2 skysharks
  4 skeletal warriors (D:12)
  Lodul (D:10)
  A lindwurm (Lair:5)
  Pikel (D:5)
  A manticore (D:12)
  A merfolk siren (Lair:2)
  Maurice (D:8)
  Joseph (D:9)
  5 black mambas
  3 elephants (Lair:5)
  2 gargoyles
  6 torpor snails
  2 unseen horrors (D:10)
  14 cane toads
  7 komodo dragons
  4 rime drakes
  4 trolls
  10 polar bears (Lair:5)
  4 tyrant leeches (Lair:5)
  Prince Ribbit (D:7)
  7 hornets
  A raiju (Lair:5)
  9 dream sheep
  10 blink frogs
  2 shadows (D:11)
  42 yaks
  A wraith (D:11)
  2 vampires (D:11)
  7 vampire mosquitoes
  A water elemental (D:11)
  11 wyverns
  4 basilisks
  Grum (D:8)
  2 redbacks (Lair:3)
  4 wargs (Lair:5)
  3 steam dragons
  Duvessa (D:4)
  16 hell hounds (Lair:5)
  17 water moccasins
  2 orc warriors
  A sky beast (D:7)
  14 black bears
  An ice beast (D:3)
  11 ogres
  36 wolves
  2 lemures (D:5)
  5 kobold brigands
  A gnoll sergeant (D:7)
  11 bullfrogs
  3 scorpions
  4 wights (D:9)
  Dowan (D:4)
  3 killer bees
  7 howler monkeys
  10 electric eels
  A crimson imp (D:7)
  2 hounds
  3 jellies
  2 orc priests
  7 iguanas
  Ijyb (D:5)
  Terence (D:2)
  12 hell rats (Lair:2)
  11 orc wizards
  5 gnolls
  10 adders
  6 river rats (Lair:2)
  A shadow imp (D:6)
  An ufetubus (D:4)
  5 dart slugs
  A worm (D:2)
  44 orcs
  7 endoplasms
  16 giant cockroaches
  13 goblins
  2 hobgoblins
  6 jackals
  22 kobolds
  12 quokkas
  8 ball pythons
  A bat (D:3)
  11 frilled lizards
  19 rats
567 creatures vanquished.

Vanquished Creatures (others)
  An orc wizard (D:12)
  An orc (D:12)
2 creatures vanquished.

Grand Total: 569 creatures vanquished

Notes
Turn   | Place    | Note
-------+----------+-------------------------------------------
     0 | D:1      | qw the Gargoyle Hunter began the quest for the Orb.
     0 | D:1      | Reached XP level 1. HP: 12/12 MP: 1/1
     0 | D:1      | 0 ||| qw: Version: 0.3-a-75-g829b12e
     0 | D:1      | 0 ||| qw: Game counter: 177
     0 | D:1      | 0 ||| qw: Melee chars always use a shield: true
     0 | D:1      | 0 ||| qw: God list: Okawaru
     0 | D:1      | 0 ||| qw: Allow faded altars: false
     0 | D:1      | 0 ||| qw: Do Orc after clearing Dungeon:15 true
     0 | D:1      | 0 ||| qw: Do second Lair branch before Depths: true
     0 | D:1      | 0 ||| qw: Lair rune preference: random
     0 | D:1      | 0 ||| qw: Goals: Normal
     0 | D:1      | 0 ||| PLANNING D:1-11
    43 | D:1      | Reached XP level 2. HP: 14/17 MP: 2/2
   174 | D:1      | You fall into a shaft and drop 1 floor!
   234 | D:2      | Found a faded altar of an unknown god.
   423 | D:2      | 423 ||| UPGRADING to +0 ring mail.
   433 | D:2      | 433 ||| DROPPING +0 leather armour.
   434 | D:2      | 434 ||| READING scroll labelled GUWKIE FEHULADD.
   446 | D:2      | 446 ||| READING scroll labelled FUEPHYA ITOTH.
   447 | D:2      | 447 ||| DROPPING scroll of butterflies.
   459 | D:2      | Reached skill level 1 in Armour
   459 | D:2      | Reached XP level 3. HP: 21/21 MP: 3/3
   485 | D:1      | Reached skill level 5 in Ranged Weapons
  1031 | D:1      | 1031 ||| UPGRADING to +0 helmet.
  1036 | D:1      | 1036 ||| DRINKING 2 fuming coppery potions.
  1079 | D:2      | 1079 ||| FLEEEEING.
  1125 | D:2      | Reached XP level 4. HP: 27/27 MP: 4/4
  1135 | D:2      | Noticed Terence
  1154 | D:2      | HP: 6/27 [Terence/+0 short sword (5)]
  1155 | D:2      | 1155 ||| DRINKING potion of heal wounds.
  1157 | D:2      | Killed Terence
  1158 | D:2      | Reached skill level 3 in Fighting
  1669 | D:2      | 1669 ||| READING scroll labelled GAD VOL SARGHIANIE.
  1670 | D:2      | 1670 ||| READING scroll labelled NUANUM MUOBB.
  1671 | D:2      | 1671 ||| READING 2 scrolls labelled EBU GOUGRYSAZ.
  1672 | D:2      | 1672 ||| DROPPING scroll of vulnerability.
  1740 | D:3      | Found a glowing drain.
  1741 | D:3      | 1741 ||| PLANNING SEWER
  1761 | D:3      | Reached XP level 5. HP: 32/32 MP: 5/5
  1767 | Sewer    | Entered a sewer
  1877 | Sewer    | 1877 ||| Stepping ~*~*~tactically~*~*~ (water).
  1993 | Sewer    | Reached skill level 6 in Ranged Weapons
  2032 | Sewer    | Reached XP level 6. HP: 23/39 MP: 6/6
  2292 | Sewer    | 2292 ||| UPGRADING to +3 ring mail of fire resistance.
  2302 | Sewer    | 2302 ||| DROPPING +0 ring mail.
  2303 | Sewer    | 2303 ||| READING scroll labelled NUSTRO DIKH.
  2303 | Sewer    | Identified a scroll of acquirement
  2303 | Sewer    | 2303 ||| ACQUIRING +9 arbalest of Queden {penet, rN+ MP+9
                  | Int+3}
  2303 | Sewer    | Acquired the +9 arbalest of Queden {penet, rN+ MP+9 Int+3}
  2305 | Sewer    | 2305 ||| SWAPPING to +9 arbalest of Queden {penet, rN+ MP+9
                  | Int+3}.
  2306 | Sewer    | 2306 ||| DROPPING +0 shortbow.
  2389 | D:3      | 2389 ||| PLANNING D:1-11
  2470 | D:3      | Found a broken altar of Ashenzari.
  2700 | D:3      | Found an ornate altar of the Wu Jian Council.
  2839 | D:3      | Found a snail-covered altar of Cheibriados.
  2887 | D:3      | Identified the +6 short sword "Qoavo" {freeze, *Corrode
                  | rElec Int+3 Dex+2}
  2951 | D:3      | 2951 ||| READING scroll labelled AROG LEMUQY.
  2955 | D:3      | 2955 ||| READING scroll labelled MORAMINAOF.
  2956 | D:3      | 2956 ||| DRINKING 3 purple potions.
  2957 | D:3      | 2957 ||| DROPPING 2 potions of attraction.
  2979 | D:4      | Noticed an ice beast
  2980 | D:4      | 2980 ||| STAIRDANCE
  2983 | D:3      | Killed an ice beast
  3033 | D:4      | 3033 ||| STAIRDANCE
  3094 | D:4      | Reached skill level 7 in Ranged Weapons
  3196 | D:4      | Noticed Duvessa
  3199 | D:4      | Reached XP level 7. HP: 44/44 MP: 7/7
  3201 | D:4      | Noticed Dowan
  3207 | D:4      | Killed Duvessa
  3208 | D:4      | Reached skill level 8 in Ranged Weapons
  3214 | D:4      | Killed Dowan
  3260 | D:4      | 3260 ||| FLEEEEING.
  3324 | D:4      | Found a glowing silver altar of Zin.
  3371 | D:4      | Found a hazy altar of Hepliaklqana.
  3494 | D:4      | 3494 ||| READING 4 scrolls of identify.
  3494 | D:4      | 3494 ||| IDENTIFYING fizzy coppery potion
  3495 | D:4      | 3495 ||| DROPPING potion of degeneration.
  3502 | D:5      | Entered Level 5 of the Dungeon
  3543 | D:5      | 3543 ||| RETREATING.
  3543 | D:5      | Noticed Pikel
  3546 | D:5      | 3546 ||| Stepping ~*~*~tactically~*~*~ (retreating).
  3547 | D:5      | 3547 ||| Stepping ~*~*~tactically~*~*~ (retreating).
  3548 | D:5      | 3548 ||| Stepping ~*~*~tactically~*~*~ (retreating).
  3550 | D:5      | 3550 ||| Stepping ~*~*~tactically~*~*~ (retreating).
  3551 | D:5      | 3551 ||| Stepping ~*~*~tactically~*~*~ (retreating).
  3552 | D:5      | 3552 ||| Stepping ~*~*~tactically~*~*~ (retreating).
  3561 | D:5      | Killed Pikel
  3562 | D:5      | Reached XP level 8. HP: 24/49 MP: 8/8
  3589 | D:5      | 3589 ||| FLEEEEING.
  3590 | D:5      | 3590 ||| FLEEEEING.
  3591 | D:5      | 3591 ||| FLEEEEING.
  3592 | D:5      | 3592 ||| FLEEEEING.
  3593 | D:5      | 3593 ||| FLEEEEING.
  3596 | D:5      | 3596 ||| FLEEEEING.
  3597 | D:5      | 3597 ||| FLEEEEING.
  3598 | D:5      | 3598 ||| STAIRDANCE
  3648 | D:5      | 3648 ||| STAIRDANCE
  3653 | D:5      | 3653 ||| STAIRDANCE
  3662 | D:5      | 3662 ||| STAIRDANCE
  3690 | D:5      | 3690 ||| STAIRDANCE
  3793 | D:5      | 3793 ||| FLEEEEING.
  3795 | D:5      | 3795 ||| FLEEEEING.
  3796 | D:5      | 3796 ||| FLEEEEING.
  3800 | D:5      | Noticed Ijyb
  3801 | D:5      | 3801 ||| FLEEEEING.
  3802 | D:5      | 3802 ||| FLEEEEING.
  3803 | D:5      | 3803 ||| FLEEEEING.
  3804 | D:5      | 3804 ||| FLEEEEING.
  3805 | D:5      | 3805 ||| FLEEEEING.
  3807 | D:5      | Paralysed by Ijyb for 4 turns
  3811 | D:5      | 3811 ||| RETREATING.
  3820 | D:5      | Killed Ijyb
  3821 | D:5      | Reached skill level 9 in Ranged Weapons
  3855 | D:5      | Reached skill level 6 in Fighting
  3855 | D:5      | Reached XP level 9. HP: 55/55 MP: 9/9
  4086 | D:5      | 4086 ||| UPGRADING to +4 ring of protection.
  4087 | D:5      | 4087 ||| READING 5 scrolls of identify.
  4087 | D:5      | 4087 ||| IDENTIFYING emerald potion
  4127 | D:6      | Found an iron altar of Okawaru.
  4149 | D:6      | 4149 ||| FLEEEEING.
  4222 | D:6      | Found a shimmering blue altar of Sif Muna.
  4295 | D:6      | Reached skill level 10 in Ranged Weapons
  4491 | D:6      | Noticed a troll
  4499 | D:6      | Killed a troll
  4673 | D:6      | 4673 ||| UPGRADING to +0 pair of gloves.
  4678 | D:6      | 4678 ||| READING scroll labelled KAIMEG LAGICEQ.
  4695 | D:7      | 4695 ||| STAIRDANCE
  4706 | D:7      | Reached skill level 3 in Armour
  4706 | D:7      | 4706 ||| STAIRDANCE
  4758 | D:7      | 4758 ||| STAIRDANCE
  4765 | D:7      | 4765 ||| RETREATING.
  4771 | D:7      | Reached skill level 11 in Ranged Weapons
  4821 | D:6      | 4821 ||| PLANNING OKAWARU WORSHIP
  4826 | D:6      | Became a worshipper of Warmaster Okawaru
  4827 | D:6      | 4827 ||| PLANNING D:1-11
  4910 | D:7      | Found a burning altar of Makhleb.
  4934 | D:7      | Noticed Prince Ribbit
  4938 | D:7      | Killed Prince Ribbit
  4939 | D:7      | Reached XP level 10. HP: 54/64 MP: 10/10
  5039 | D:7      | Identified the +12 quarterstaff "Tegaref" {distort, rPois
                  | rCorr Str+3 Int+3}
  5046 | D:7      | Identified the amulet "Xirid" {Faith Int+3 Dex+3}
  5073 | D:7      | Found a staircase to the Ecumenical Temple.
  5276 | D:7      | 5276 ||| UPGRADING to amulet "Xirid" {Faith Int+3 Dex+3}.
  5281 | D:7      | 5281 ||| READING scroll labelled KUTOKA DACAU.
  5322 | D:8      | Noticed Grum
  5323 | D:8      | 5323 ||| RETREATING.
  5330 | D:8      | Killed Grum
  5333 | D:8      | Reached * piety under Okawaru
  5800 | D:8      | Found a glowing golden altar of the Shining One.
  5823 | D:8      | Reached skill level 1 in Invocations
  5878 | D:8      | Reached skill level 12 in Ranged Weapons
  6022 | D:8      | Noticed Maurice
  6027 | D:8      | Killed Maurice
  6028 | D:8      | Reached skill level 3 in Invocations
  6412 | D:8      | Found a shadowy altar of Dithmenos.
  6415 | D:8      | Found an opulent altar of Gozag.
  6416 | D:8      | Found a sparkling altar of Nemelex Xobeh.
  6664 | D:8      | 6664 ||| DROPPING +2 robe of willpower.
  6665 | D:8      | 6665 ||| UPGRADING to +0 cloak.
  6670 | D:8      | 6670 ||| READING 2 scrolls labelled WAQESTR LEJOSM.
  6671 | D:8      | 6671 ||| DRINKING 3 bubbling pink potions.
  6672 | D:8      | 6672 ||| READING 8 scrolls of identify.
  6672 | D:8      | 6672 ||| IDENTIFYING clear potion
  6673 | D:8      | 6673 ||| READING 7 scrolls of identify.
  6673 | D:8      | 6673 ||| IDENTIFYING fizzy sapphire potion
  6674 | D:8      | 6674 ||| READING 6 scrolls of identify.
  6674 | D:8      | 6674 ||| IDENTIFYING yellow potion
  6675 | D:8      | 6675 ||| DROPPING scroll of fog.
  6810 | D:9      | Reached ** piety under Okawaru
  6817 | D:9      | 6817 ||| FLEEEEING.
  6818 | D:9      | 6818 ||| FLEEEEING.
  6819 | D:9      | 6819 ||| FLEEEEING.
  6820 | D:9      | 6820 ||| FLEEEEING.
  6821 | D:9      | 6821 ||| FLEEEEING.
  6827 | D:9      | 6827 ||| RETREATING.
  6911 | D:9      | 6911 ||| INVOKING Heroism.
  6928 | D:9      | Found Upichiupn's Book Shop.
  6939 | D:9      | 6939 ||| INVOKING Heroism.
  6940 | D:9      | Noticed Joseph
  6942 | D:9      | 6942 ||| Stepping ~*~*~tactically~*~*~ (outnumbered).
  6952 | D:9      | Killed Joseph
  6952 | D:9      | Reached *** piety under Okawaru
  6953 | D:9      | Reached skill level 13 in Ranged Weapons
  7010 | D:9      | 7010 ||| INVOKING Heroism.
  7016 | D:9      | Reached XP level 11. HP: 62/69 MP: 14/14
  7271 | D:10     | Entered Level 10 of the Dungeon
  7313 | D:10     | Found a runed translucent door.
  7321 | D:10     | 7321 ||| INVOKING Heroism.
  7325 | D:10     | Reached skill level 9 in Fighting
  7346 | D:10     | 7346 ||| Stepping randomly (disturbance).
  7347 | D:10     | 7347 ||| Stepping randomly (disturbance).
  7350 | D:10     | 7350 ||| Stepping randomly (disturbance).
  7351 | D:10     | 7351 ||| Stepping randomly (disturbance).
  7363 | D:10     | 7363 ||| Stepping randomly (disturbance).
  7364 | D:10     | 7364 ||| Stepping randomly (disturbance).
  7445 | D:10     | 7445 ||| RETREATING.
  7554 | D:10     | Found a staircase to the Orcish Mines.
  7643 | D:10     | Noticed Lodul
  7644 | D:10     | 7644 ||| RETREATING.
  7659 | D:10     | 7659 ||| RETREATING.
  7661 | D:10     | 7661 ||| INVOKING Heroism.
  7665 | D:10     | Killed Lodul
  8096 | D:10     | Found a basalt altar of Yredelemnul.
  8291 | D:10     | 8291 ||| Stepping randomly (disturbance).
  8292 | D:10     | 8292 ||| Stepping randomly (disturbance).
  8303 | D:10     | Reached **** piety under Okawaru
  8352 | D:10     | Reached skill level 14 in Ranged Weapons
  8442 | D:11     | Noticed a boulder beetle
  8443 | D:11     | 8443 ||| INVOKING Heroism.
  8453 | D:11     | Killed a boulder beetle
  8508 | D:11     | 8508 ||| RETREATING.
  8522 | D:11     | 8522 ||| RETREATING.
  8523 | D:11     | 8523 ||| Stepping ~*~*~tactically~*~*~ (water).
  8526 | D:11     | 8526 ||| Stepping ~*~*~tactically~*~*~ (retreating).
  8527 | D:11     | 8527 ||| Stepping ~*~*~tactically~*~*~ (retreating).
  8528 | D:11     | 8528 ||| Stepping ~*~*~tactically~*~*~ (retreating).
  8533 | D:11     | Reached skill level 6 in Invocations
  8535 | D:11     | Reached ***** piety under Okawaru
  8554 | D:11     | Found a staircase to the Lair.
  8556 | D:11     | 8556 ||| RETREATING.
  8566 | D:11     | 8566 ||| Stepping ~*~*~tactically~*~*~ (retreating).
  8567 | D:11     | 8567 ||| Stepping ~*~*~tactically~*~*~ (retreating).
  8593 | D:11     | 8593 ||| Stepping randomly (disturbance).
  8594 | D:11     | 8594 ||| Stepping ~*~*~tactically~*~*~ (outnumbered).
  8600 | D:11     | 8600 ||| FLEEEEING.
  8605 | D:11     | 8605 ||| Stepping ~*~*~tactically~*~*~ (outnumbered).
  8607 | D:11     | 8607 ||| Stepping ~*~*~tactically~*~*~ (outnumbered).
  8697 | D:11     | Noticed a two-headed ogre
  8698 | D:11     | 8698 ||| RETREATING.
  8699 | D:11     | 8699 ||| INVOKING Heroism.
  8700 | D:11     | 8700 ||| Stepping ~*~*~tactically~*~*~ (retreating).
  8701 | D:11     | 8701 ||| Stepping ~*~*~tactically~*~*~ (retreating).
  8709 | D:11     | 8709 ||| Stepping ~*~*~tactically~*~*~ (retreating).
  8711 | D:11     | Killed a two-headed ogre
  8712 | D:11     | Reached XP level 12. HP: 76/77 MP: 17/17
  8829 | D:11     | Received a gift from Okawaru
  8831 | D:11     | 8831 ||| DROPPING +2 arbalest of flaming.
  8941 | D:11     | Noticed a boulder beetle
  8942 | D:11     | 8942 ||| INVOKING Heroism.
  8943 | D:11     | 8943 ||| INVOKING Finesse.
  8983 | D:11     | 8983 ||| INVOKING Heroism.
  8984 | D:11     | 8984 ||| INVOKING Finesse.
  8989 | D:11     | Killed a boulder beetle
  9615 | D:11     | 9615 ||| Stepping ~*~*~tactically~*~*~ (water).
  9842 | D:11     | 9842 ||| PLANNING LAIR
  9842 | D:11     | 9842 ||| DROPPING +3 leather armour.
  9843 | D:11     | 9843 ||| READING 9 scrolls of identify.
  9843 | D:11     | 9843 ||| IDENTIFYING fizzy white potion
  9873 | Lair:1   | Entered Level 1 of the Lair of Beasts
  9892 | Lair:1   | 9892 ||| RETREATING.
  9902 | Lair:1   | 9902 ||| INVOKING Heroism.
 10234 | Lair:1   | Reached skill level 15 in Ranged Weapons
 10241 | Lair:1   | 10241 ||| RETREATING.
 10261 | Lair:1   | Reached skill level 9 in Invocations
 10417 | Lair:1   | 10417 ||| INVOKING Heroism.
 10635 | Lair:1   | 10635 ||| DROPPING amulet of magic regeneration.
 10636 | Lair:1   | 10636 ||| READING scroll labelled VARUSY QEKAREATT.
 10637 | Lair:1   | 10637 ||| READING 13 scrolls of identify.
 10637 | Lair:1   | 10637 ||| IDENTIFYING silvery potion
 10744 | Lair:2   | 10744 ||| RETREATING.
 10760 | Lair:2   | Reached skill level 6 in Armour
 10997 | Lair:2   | Noticed a five-headed hydra
 10998 | Lair:2   | 10998 ||| Stepping ~*~*~tactically~*~*~ (retreating).
 11001 | Lair:2   | 11001 ||| Stepping ~*~*~tactically~*~*~ (retreating).
 11002 | Lair:2   | 11002 ||| INVOKING Heroism.
 11006 | Lair:2   | Killed a five-headed hydra
 11006 | Lair:2   | Received a gift from Okawaru
 11261 | Lair:2   | Identified the amulet "Arouc" {RegenMP rElec rPois Int+5}
 11281 | Lair:2   | Found a staircase to the Shoals.
 11287 | Lair:2   | Reached XP level 13. HP: 82/82 MP: 20/20
 11345 | Lair:2   | 11345 ||| Stepping ~*~*~tactically~*~*~ (outnumbered).
 11353 | Lair:2   | 11353 ||| INVOKING Heroism.
 11828 | Lair:2   | 11828 ||| DROPPING amulet "Arouc" {RegenMP rElec rPois
                  | Int+5}.
 11829 | Lair:2   | 11829 ||| DRINKING 2 blue potions.
 11830 | Lair:2   | 11830 ||| READING 13 scrolls of identify.
 11830 | Lair:2   | 11830 ||| IDENTIFYING metallic inky potion
 11831 | Lair:2   | 11831 ||| DROPPING potion of brilliance.
 11832 | Lair:2   | 11832 ||| DROPPING potion of invisibility.
 11858 | Lair:3   | Received a gift from Okawaru
 11859 | Lair:3   | Reached skill level 16 in Ranged Weapons
 11879 | Lair:3   | 11879 ||| INVOKING Heroism.
 12026 | Lair:3   | 12026 ||| RETREATING.
 12027 | Lair:3   | 12027 ||| INVOKING Heroism.
 12109 | Lair:3   | You fall into a shaft and drop 2 floors!
 12109 | Lair:5   | Entered Level 5 of the Lair of Beasts
 12110 | Lair:5   | 12110 ||| INVOKING Heroism.
 12112 | Lair:5   | 12112 ||| RETREATING.
 12113 | Lair:5   | 12113 ||| Stepping ~*~*~tactically~*~*~ (retreating).
 12114 | Lair:5   | 12114 ||| Stepping ~*~*~tactically~*~*~ (retreating).
 12115 | Lair:5   | 12115 ||| Stepping ~*~*~tactically~*~*~ (retreating).
 12116 | Lair:5   | 12116 ||| Stepping ~*~*~tactically~*~*~ (retreating).
 12200 | Lair:5   | 12200 ||| INVOKING Heroism.
 12250 | Lair:5   | 12250 ||| INVOKING Heroism.
 12316 | Lair:5   | 12316 ||| INVOKING Heroism.
 12318 | Lair:5   | 12318 ||| RETREATING.
 12355 | Lair:5   | 12355 ||| RETREATING.
 12395 | Lair:5   | Reached skill level 17 in Ranged Weapons
 12400 | Lair:5   | Received a gift from Okawaru
 12506 | Lair:4   | 12506 ||| INVOKING Heroism.
 12619 | Lair:4   | Found a staircase to the Slime Pits.
 12688 | Lair:4   | 12688 ||| INVOKING Heroism.
 12692 | Lair:4   | Reached skill level 6 in Dodging
 12706 | Lair:4   | 12706 ||| UPGRADING to ring of protection from cold.
 12732 | Lair:3   | Found a hole to the Spider Nest.
 12790 | Lair:3   | 12790 ||| FLEEEEING.
 13044 | Lair:3   | 13044 ||| FLEEEEING.
 13046 | Lair:3   | 13046 ||| FLEEEEING.
 13047 | Lair:3   | 13047 ||| FLEEEEING.
 13048 | Lair:3   | 13048 ||| FLEEEEING.
 13049 | Lair:3   | 13049 ||| FLEEEEING.
 13050 | Lair:3   | 13050 ||| FLEEEEING.
 13051 | Lair:3   | 13051 ||| FLEEEEING.
 13052 | Lair:3   | 13052 ||| FLEEEEING.
 13053 | Lair:3   | 13053 ||| RETREATING.
 13055 | Lair:3   | 13055 ||| Stepping ~*~*~tactically~*~*~ (retreating).
 13056 | Lair:3   | 13056 ||| Stepping ~*~*~tactically~*~*~ (retreating).
 13057 | Lair:3   | 13057 ||| Stepping ~*~*~tactically~*~*~ (retreating).
 13058 | Lair:3   | 13058 ||| Stepping ~*~*~tactically~*~*~ (retreating).
 13059 | Lair:3   | 13059 ||| Stepping ~*~*~tactically~*~*~ (retreating).
 13060 | Lair:3   | 13060 ||| Stepping ~*~*~tactically~*~*~ (retreating).
 13061 | Lair:3   | 13061 ||| INVOKING Heroism.
 13147 | Lair:3   | Received a gift from Okawaru
 13216 | Lair:3   | 13216 ||| DROPPING +4 arbalest.
 13495 | Lair:3   | 13495 ||| READING 14 scrolls of identify.
 13495 | Lair:3   | 13495 ||| IDENTIFYING red potion
 13496 | Lair:3   | 13496 ||| DROPPING potion of berserk rage.
 13564 | Lair:4   | 13564 ||| RETREATING.
 13567 | Lair:4   | 13567 ||| RETREATING.
 13574 | Lair:4   | 13574 ||| Stepping ~*~*~tactically~*~*~ (retreating).
 13575 | Lair:4   | 13575 ||| Stepping ~*~*~tactically~*~*~ (retreating).
 13576 | Lair:4   | 13576 ||| Stepping ~*~*~tactically~*~*~ (retreating).
 13577 | Lair:4   | 13577 ||| Stepping ~*~*~tactically~*~*~ (retreating).
 13578 | Lair:4   | 13578 ||| Stepping ~*~*~tactically~*~*~ (retreating).
 13579 | Lair:4   | 13579 ||| Stepping ~*~*~tactically~*~*~ (retreating).
 13584 | Lair:4   | 13584 ||| Stepping ~*~*~tactically~*~*~ (retreating).
 13585 | Lair:4   | 13585 ||| Stepping ~*~*~tactically~*~*~ (retreating).
 13586 | Lair:4   | 13586 ||| Stepping ~*~*~tactically~*~*~ (retreating).
 13587 | Lair:4   | 13587 ||| Stepping ~*~*~tactically~*~*~ (retreating).
 13676 | Lair:4   | Gained mutation: Your large and strong wings let you fly.
                  | [Gargoyle growth]
 13676 | Lair:4   | Reached XP level 14. HP: 90/90 MP: 21/21
 13766 | Lair:4   | Reached skill level 18 in Ranged Weapons
 13838 | Lair:4   | 13838 ||| INVOKING Heroism.
 13839 | Lair:4   | 13839 ||| INVOKING Finesse.
 14188 | Lair:5   | 14188 ||| RETREATING.
 14192 | Lair:5   | 14192 ||| STAIRDANCE
 14200 | Lair:5   | 14200 ||| STAIRDANCE
 14262 | Lair:5   | 14262 ||| STAIRDANCE
 14315 | Lair:5   | 14315 ||| INVOKING Heroism.
 14573 | Lair:5   | Found a runed translucent door.
 14575 | Lair:5   | 14575 ||| INVOKING Heroism.
 14612 | Lair:5   | Reached skill level 12 in Fighting
 14623 | Lair:5   | 14623 ||| RETREATING.
 14630 | Lair:5   | 14630 ||| RETREATING.
 14632 | Lair:5   | 14632 ||| INVOKING Heroism.
 14692 | Lair:5   | 14692 ||| FLEEEEING.
 14694 | Lair:5   | 14694 ||| FLEEEEING.
 14696 | Lair:5   | 14696 ||| FLEEEEING.
 14698 | Lair:5   | 14698 ||| INVOKING Heroism.
 14745 | Lair:5   | Received a gift from Okawaru
 14753 | Lair:5   | 14753 ||| INVOKING Heroism.
 14865 | Lair:5   | 14865 ||| SWAPPING to +1 hand cannon of flaming.
 14866 | Lair:5   | 14866 ||| DROPPING +9 arbalest of Queden {penet, rN+ MP+9
                  | Int+3}.
 14871 | Lair:5   | Found the +3 crown of Dyrovepreva {rElec Int+2 SInv}
 15041 | Lair:5   | 15041 ||| FLEEEEING.
 15177 | Lair:5   | 15177 ||| INVOKING Heroism.
 15185 | Lair:5   | 15185 ||| Stepping ~*~*~tactically~*~*~ (retreating).
 15269 | Lair:5   | 15269 ||| RETREATING.
 15274 | Lair:5   | 15274 ||| Stepping ~*~*~tactically~*~*~ (retreating).
 15275 | Lair:5   | 15275 ||| INVOKING Heroism.
 15307 | Lair:5   | 15307 ||| INVOKING Heroism.
 15318 | Lair:5   | Noticed a dire elephant
 15333 | Lair:5   | 15333 ||| INVOKING Heroism.
 15333 | Lair:5   | HP: 23/92 [dire elephant (5)]
 15334 | Lair:5   | 15334 ||| READING 5 scrolls of teleportation.
 15335 | Lair:5   | 15335 ||| DRINKING 3 potions of heal wounds.
 15336 | Lair:5   | 15336 ||| DRINKING 2 potions of heal wounds.
 15338 | Lair:5   | 15338 ||| DRINKING potion of heal wounds.
 15556 | Lair:5   | Identified the +10 quarterstaff of Piohuc {antimagic, rPois
                  | rC- Int+2}
 15561 | Lair:5   | 15561 ||| INVOKING Heroism.
 15566 | Lair:5   | 15566 ||| Stepping ~*~*~tactically~*~*~ (retreating).
 15569 | Lair:5   | 15569 ||| Stepping ~*~*~tactically~*~*~ (retreating).
 15570 | Lair:5   | 15570 ||| Stepping ~*~*~tactically~*~*~ (retreating).
 15578 | Lair:5   | Killed a dire elephant
 15578 | Lair:5   | Received a gift from Okawaru
 15644 | Lair:5   | Identified the +3 leather armour "Pulubb" {rN+}
 15653 | Lair:5   | 15653 ||| READING scroll of enchant armour.
 15653 | Lair:5   | 15653 ||| ENCHANTING +0 pair of gloves.
 15668 | Lair:5   | Identified the +6 dagger "Qush" {flame, Str+3 Int+2}
 15682 | Lair:5   | 15682 ||| Stepping ~*~*~tactically~*~*~ (outnumbered).
 15888 | Lair:5   | 15888 ||| PLANNING D
 15888 | Lair:5   | 15888 ||| UPGRADING to +3 crown of Dyrovepreva {rElec Int+2
                  | SInv}.
 15898 | Lair:5   | 15898 ||| DROPPING +0 helmet.
 15899 | Lair:5   | 15899 ||| DROPPING +3 leather armour "Pulubb" {rN+}.
 15900 | Lair:5   | 15900 ||| DROPPING ring of wizardry.
 15901 | Lair:5   | 15901 ||| READING scroll labelled QEFFUL DEUGOH.
 16060 | D:12     | 16060 ||| RETREATING.
 16068 | D:12     | 16068 ||| Stepping ~*~*~tactically~*~*~ (retreating).
 16069 | D:12     | 16069 ||| Stepping ~*~*~tactically~*~*~ (retreating).
 16070 | D:12     | 16070 ||| Stepping ~*~*~tactically~*~*~ (retreating).
 16076 | D:12     | Reached skill level 19 in Ranged Weapons
 16167 | D:12     | 16167 ||| INVOKING Heroism.
 16174 | D:12     | Noticed Jorgrun
 16174 | D:12     | 16174 ||| RETREATING.
 16180 | D:12     | 16180 ||| Stepping ~*~*~tactically~*~*~ (retreating).
 16181 | D:12     | 16181 ||| Stepping ~*~*~tactically~*~*~ (retreating).
 16182 | D:12     | 16182 ||| Stepping ~*~*~tactically~*~*~ (retreating).
 16183 | D:12     | 16183 ||| Stepping ~*~*~tactically~*~*~ (retreating).
 16184 | D:12     | 16184 ||| Stepping ~*~*~tactically~*~*~ (retreating).
 16185 | D:12     | 16185 ||| INVOKING Finesse.
 16186 | D:12     | 16186 ||| Stepping ~*~*~tactically~*~*~ (outnumbered).
 16187 | D:12     | 16187 ||| Stepping ~*~*~tactically~*~*~ (retreating).
 16188 | D:12     | 16188 ||| Stepping ~*~*~tactically~*~*~ (retreating).
 16189 | D:12     | 16189 ||| Stepping ~*~*~tactically~*~*~ (retreating).
 16190 | D:12     | 16190 ||| Stepping ~*~*~tactically~*~*~ (retreating).
 16193 | D:12     | 16193 ||| Stepping ~*~*~tactically~*~*~ (retreating).
 16194 | D:12     | 16194 ||| Stepping ~*~*~tactically~*~*~ (retreating).
 16195 | D:12     | 16195 ||| Stepping ~*~*~tactically~*~*~ (retreating).
 16196 | D:12     | 16196 ||| Stepping ~*~*~tactically~*~*~ (retreating).
 16197 | D:12     | 16197 ||| Stepping ~*~*~tactically~*~*~ (retreating).
 16198 | D:12     | 16198 ||| Stepping ~*~*~tactically~*~*~ (retreating).
 16199 | D:12     | 16199 ||| INVOKING Finesse.
 16211 | D:12     | 16211 ||| Stepping ~*~*~tactically~*~*~ (retreating).
 16213 | D:12     | 16213 ||| INVOKING Heroism.
 16224 | D:12     | HP: 10/92 [Jorgrun/+0 heavy quarterstaff (18)]
 16225 | D:12     | 16225 ||| READING 4 scrolls of teleportation.
 16226 | D:12     | Killed from afar by Jorgrun

Levels and vault maps discovered:
D:1:      wander_arrival_lonely_grave, layout_loops_cross, hangedman_decor_push
D:2:      layout_basic, chequers_ecumenical_altar_island, uniq_terence
D:3:      layout_loops_cross, kennysheep_slug_shrine,
          mainiacjoe_overflow_concentric_impassable,
          ashenzari_conservatory_becter, gup_sewer_entry_glass
D:4:      layout_basic, zin_academy, lemuel_crystal_altar, uniq_duvessa
D:5:      layout_cave_pools, uniq_ijyb, uniq_pikel
D:6:      layout_cave_pools, nicolae_overflow_hidden_temple,
          nicolae_overflow_crystal_walls, minmay_stone_trees_small,
          kennysheep_minor_cross, minmay_crystal_water
D:7:      layout_basic, makhleb_grotto_becter, minmay_temple_entry_overgrown,
          enter_bailey_3, uniq_prince_ribbit1
D:8:      layout_layer_cave, minitemple, uniq_grum, uniq_maurice
D:9:      layout_big_octagon, serial_shops, shop_fountains, uniq_joseph
D:10:     layout_cave_pods, dk_yredelemnul_ordeal, orc_0_dummy,
          nicolae_letterblocks [nicolae_letter_subblock,
          nicolae_letter_subblock, nicolae_letter_subblock,
          nicolae_letter_subblock, nicolae_letter_subblock,
          nicolae_letter_subblock, nicolae_letter_subblock,
          nicolae_letter_subblock, nicolae_letter_subblock,
          nicolae_letter_subblock, nicolae_letter_subblock,
          nicolae_letter_subblock, nicolae_letter_subblock,
          nicolae_letter_subblock, nicolae_letter_subblock,
          nicolae_letter_subblock, nicolae_letter_subblock,
          nicolae_letter_subblock, nicolae_letter_subblock,
          nicolae_letter_subblock, nicolae_letter_subblock,
          nicolae_letter_subblock, nicolae_letter_subblock,
          nicolae_letter_subblock, nicolae_letter_subblock], uniq_lodul
D:11:     layout_basic, minmay_lair_entry_grove
D:12:     layout_gridville, uniq_jorgrun
Lair:1:   layout_gridlike, minmay_holes
Lair:2:   lemuel_ratsnest, layout_long_grid, minmay_shoals_entry_lonely_mermaid,
          portal_ice_cave_rime, serial_bayou_shore_b, serial_bayou_shore_b
Lair:3:   layout_roguey, spider_nest_entry_webs, nicolae_quartered_pool_little
Lair:4:   layout_regular_city, slime_entry_1, chequers_serial_rivers_small_3
Lair:5:   hangedman_lair_caniforms_friends, layout_hall_layers, wormcave,
          fungi_pond_lemuel, serial_bayou_shore_a, serial_bayou_shore_b,
          infiniplex_staircase_pool

Skill      XL: |  1  2  3  4  5  6  7  8  9 10 11 12 13 14 |
---------------+-------------------------------------------+-----
Armour         | 1 2 3 4 5 6 7 |  7.0
Ranged Weapons | 5 6 7 8 9 11 13 14 15 17 19 | 19.0
Fighting       | 3 4 5 6 7 8 10 11 12 | 12.9
Dodging        | 4 5 6 |  6.0
Invocations    | 4 7 10 | 10.0
Stealth        | |  1.1

Action                     |  1- 3 |  4- 6 |  7- 9 | 10-12 | 13-15 || total
---------------------------+-------+-------+-------+-------+-------++-------
   Fire: Shortbow          |   106 |   134 |       |       |       ||   240
         Arbalest          |       |    41 |   173 |   410 |   344 ||   968
         Hand cannon       |       |       |       |       |   253 ||   253
 Invoke: Heroism           |       |       |       |    12 |    23 ||    35
         Finesse           |       |       |       |     2 |     3 ||     5
    Use: Scroll            |     2 |     6 |     3 |     8 |     6 ||    25
         Potion            |     1 |     2 |       |     1 |     4 ||     8
 Armour: Leather armour    |    11 |       |       |       |       ||    11
         Ring mail         |    18 |    85 |    86 |   189 |   308 ||   686
  Dodge: Dodged            |    25 |    49 |    72 |   115 |   307 ||   568

Table legend:
 A = Non-vault XP
 B = Vault XP
 C = Vault XP percentage of total XP
 D = Non-vault monster count
 E = Vault monster count
 F = Vault count percentage of total count
                 A         B        C        D         E       F
            +---------+---------+-------+---------+---------+-------
      Total |   54731 |   25953 |  32.2 |     379 |     186 |  32.9
            +---------+---------+-------+---------+---------+-------
        D:1 |      56 |       0 |   0.0 |      25 |       0 |   0.0
        D:2 |      45 |      36 |  44.4 |      11 |       1 |   8.3
        D:3 |     157 |      34 |  17.8 |      10 |       5 |  33.3
        D:4 |     313 |     215 |  40.7 |      36 |       2 |   5.3
        D:5 |     665 |     643 |  49.2 |      19 |       2 |   9.5
        D:6 |    1443 |       0 |   0.0 |      27 |       0 |   0.0
        D:7 |     922 |     343 |  27.1 |      21 |       6 |  22.2
        D:8 |     884 |    1001 |  53.1 |      10 |       5 |  33.3
        D:9 |    2181 |     471 |  17.8 |      23 |       1 |   4.2
       D:10 |    2426 |    1776 |  42.3 |      13 |      10 |  43.5
       D:11 |    5926 |    2166 |  26.8 |      29 |      13 |  31.0
       D:12 |    5696 |       0 |   0.0 |      14 |       0 |   0.0
     Lair:1 |    5130 |       0 |   0.0 |      25 |       0 |   0.0
     Lair:2 |    3445 |    2830 |  45.1 |      19 |      41 |  68.3
     Lair:3 |    7470 |     362 |   4.6 |      28 |       2 |   6.7
     Lair:4 |    7387 |       0 |   0.0 |      32 |       0 |   0.0
     Lair:5 |   10585 |   15858 |  60.0 |      37 |      72 |  66.1
      Sewer |       0 |     218 | 100.0 |       0 |      26 | 100.0
            +---------+---------+-------+---------+---------+-------
